 Dungeon Crawl Stone Soup version 0.31.0-12-g77e489cdc1 (webtiles) character file.

Game seed: 2088000952727725357

47 Doomgape the Trooper (level 3, -3/24 HPs)
             Began as a Gargoyle Fighter on Mar 4, 2024.
             Slain by a hobgoblin (5 damage)
             ... led by Robin
             ... on level 3 of the Dungeon.
             The game lasted 00:02:44 (1398 turns).

Doomgape the Trooper (Gargoyle Fighter)             Turns: 1398, Time: 00:02:45

Health: -3/24      AC: 10    Str: 21    XL:     3   Next: 70%
Magic:  3/3        EV:  9    Int:  8    God:
Gold:   84         SH:  4    Dex:  9    Spells: 2/2 levels left

rFire   . . .        a - +0 flail
rCold   . . .        c - +0 buckler
rNeg    + . .        b - +0 scale mail
rPois   ∞            (no helmet)
rElec   +            (no cloak)
rCorr   .            (no gloves)
SInv    .            (no boots)
Will    .....        (no amulet) Stlth
                     (no ring)
HPRegen 0.24/turn    (no ring)
MPRegen 0.08/turn

%: no passive effects
@: no status effects
A: sickness immunity, AC +3, negative energy resistance 1, electricity
resistance, torment resistance 1, petrification resistance
a: no special abilities


You were on level 3 of the Dungeon.
You visited 1 branch of the dungeon, and saw 3 of its levels.

You collected 84 gold pieces.

Inventory:

Hand Weapons
 a - a +0 flail (weapon)
Armour
 b - a +0 scale mail (worn)
 c - a +0 buckler (worn)
Wands
 i - a wand of flame (19)
Scrolls
 e - 2 scrolls of poison {unknown}
 g - a scroll of brand weapon {unknown}
 j - a scroll of fear {unknown}
Potions
 d - a potion of might
 f - a potion of mutation {unknown}
 h - a potion of curing
 k - a potion of haste {unknown}


   Skills:
 + Level 3.8 Fighting
 + Level 2.5 Maces & Flails
 + Level 3.8 Armour
 + Level 3.7 Shields


You had 2 spell levels left.
You didn't know any spells.
Your spell library contained the following spells:

 Spells                   Type           Power      Damage    Failure   Level
 Dazzling Flash           Conj/Hex       0%         N/A       99%         3
 Mephitic Cloud           Conj/Alch/Air  0%         N/A       99%         3
 Curse of Agony           Necr           0%         N/A       100%        5
 Silence                  Hex/Air        0%         N/A       100%        5


Dungeon Overview and Level Annotations

Branches:
Dungeon (3/15)

Altars:

Shops:
D:2 (:?

Annotations:
D:3 Robin


Innate Abilities, Weirdness & Mutations

You are immune to sickness and miasma.
Your stone body is resilient. (AC +3)
You are immune to poison.
You resist negative energy. (rN+)
You are resistant to electric shocks. (rElec)
You are resistant to unholy torment.
You are immune to petrification.


Message History

You closely miss the goblin. The goblin hits you with a +0 club.
You sock the goblin!
You kill the goblin!
You closely miss the hobgoblin.
The hobgoblin hits you but does no damage.
The hobgoblin closely misses you.
You hit the hobgoblin.
The hobgoblin is lightly wounded.
The hobgoblin barely misses you.
You hit the hobgoblin.
You kill the hobgoblin!
You barely miss the hobgoblin. The hobgoblin barely misses you. x2
Robin hits you but does no damage. The hobgoblin misses you.
The hobgoblin barely misses you.
You closely miss the hobgoblin. Robin hits you with a +0 mace.
The hobgoblin completely misses you. The hobgoblin hits you.
You barely miss the hobgoblin. Robin completely misses you.
The hobgoblin barely misses you. The hobgoblin closely misses you.
You hit the hobgoblin.
The hobgoblin is heavily wounded.
The hobgoblin no longer looks unusually strong.
Robin hits you with a +0 mace.
* * * LOW HITPOINT WARNING * * *
The hobgoblin hits you.
* * * LOW HITPOINT WARNING * * *
The hobgoblin hits you.
* * * LOW HITPOINT WARNING * * *
Robin barely misses you.
You feel better. The hobgoblin hits you.
* * * LOW HITPOINT WARNING * * *
The hobgoblin barely misses you.
Robin says, "Bow before me, strongest of all the hobgoblins!"
Robin hits you but does no damage.
You barely miss the hobgoblin.
The hobgoblin is heavily wounded.
The hobgoblin hits you but does no damage.
The hobgoblin hits you.
* * * LOW HITPOINT WARNING * * *
Robin hits you but does no damage. The hobgoblin hits you.
You die...

#######.#.#.#......#
..........#....#
###...#g#......#.#
#...#.#.#....#.#
###...#.).#....#.#
#.....g.gg#.##.#.#
#..............#.#
#.####g####.#...##.#
#.....g@g)..+...##.#
#############...##.#
............#.#
.....##.......#
.....+...######
.....###.####
##+#........#
#........#
#........#


You could see Robin and 2 hobgoblins.

Vanquished Creatures
  A dart slug (D:2)
  4 ball pythons (D:1)
  2 bats
  5 endoplasms
  10 goblins
  5 hobgoblins
  2 quokkas (D:1)
  4 frilled lizards
  3 kobolds (D:2)
  2 rats (D:1)
38 creatures vanquished.

Notes
Turn   | Place    | Note
-------+----------+-------------------------------------------
     0 | D:1      | Doomgape the Gargoyle Fighter began the quest for the Orb.
     0 | D:1      | Reached XP level 1. HP: 14/14 MP: 1/1
   180 | D:1      | Reached XP level 2. HP: 19/19 MP: 2/2
   692 | D:1      | Found a faded altar of an unknown god.
   753 | D:2      | Found Zisamure's Book Shop.
   787 | D:2      | Found Zyith's Magic Scroll Shop.
   883 | D:2      | Found Nydatz's Weapon Emporium.
   984 | D:2      | Reached XP level 3. HP: 22/24 MP: 3/3
  1079 | D:2      | Identified the +1 spear "Bailo" {chaos, ^Drain rCorr Str-2
                  | Int+4}
  1346 | D:3      | Noticed Robin
  1398 | D:3      | Slain by a hobgoblin

Illustrated notes

Levels and vault maps discovered:
D:1:      dpeg_arrival_tiny_a, layout_basic, shapermc_ecumenical_altar_acropolis
D:2:      layout_loops_ring, serial_shops, shop, shop, nicolae_shop_peninsula
D:3:      layout_basic, minmay_pentangle, uniq_jessica, uniq_robin

Action                     || total
---------------------------++-------
  Melee: Flail             ||    96
    Use: Potion            ||     2
 Armour: Scale mail        ||    90
  Dodge: Dodged            ||    68
  Block: Buckler           ||    30
